 Dungeon Crawl Stone Soup version 0.29.1-13-g9f3cf754e1 (webtiles) character file.

Game seed: 15022231302413501884

329 Thatpatchoflichen the Trooper (level 6, 0/84 HPs)
             Began as a Hill Orc Fighter on Jan 24, 2023.
             Slain by nshep25's ghost (7 damage)
             ... on level 3 of the Dungeon.
             The game lasted 00:07:22 (2598 turns).

Thatpatchoflichen the Trooper (Hill Orc Fighter)    Turns: 2598, Time: 00:07:22

Health: 0/84       AC: 23    Str: 21    XL:     6   Next: 51%
Magic:  6/6        EV:  2    Int:  8    God:
Gold:   173        SH:  4    Dex: 10    Spells: 5/5 levels left

rFire   . . .      SeeInvis .   a - +0 war axe
rCold   . . .      Faith    .   c - +0 buckler
rNeg    . . .      Spirit   .   (body armour currently unavailable)
rPois   +          Reflect  .   (helmet currently unavailable)
rElec   .          Harm     .   (cloak currently unavailable)
rCorr   .          Rampage  .   (gloves currently unavailable)
Will    .....      NoTele   +   (boots currently unavailable)
Stlth   +.........              (no amulet)
HPRegen 0.24/turn               (no ring)
MPRegen 0.10/turn               (no ring)

@: mighty, tree-form
A: stationary, stasis, torment immunity, boosted hp
a: no special abilities


You were on level 3 of the Dungeon.
You were a tree.
You visited 1 branch of the dungeon, and saw 4 of its levels.

You collected 173 gold pieces.

Inventory:

Hand Weapons
 a - a +0 war axe (weapon)
Armour
 b - a +0 scale mail (melded)
 c - a +0 buckler (worn)
 m - a +0 pair of gloves (melded)
Jewellery
 n - a ring of magical power
Wands
 t - a wand of charming (11)
Scrolls
 e - 3 scrolls of identify {unknown}
 f - 2 scrolls of enchant weapon {unknown}
 h - 4 scrolls of noise {unknown}
 i - a scroll of summoning {unknown}
 s - a scroll of silence {unknown}
Potions
 g - a potion of attraction {unknown}
 j - a potion of berserk rage {unknown}
 k - a potion of curing {unknown}
 l - a potion of ambrosia {unknown}
 o - a potion of haste
 p - a potion of lignification
 q - a potion of cancellation {unknown}
 r - a potion of invisibility {unknown}


   Skills:
 + Level 5.2 Fighting
 + Level 4.9 Axes
 + Level 4.7 Armour
 + Level 4.8 Shields


You had 5 spell levels left.
You didn't know any spells.
Your spell library contained the following spells:

 Spells                   Type           Power      Damage    Failure   Level
 Freeze                   Ice            0%         1d3       50%         1
 Ensorcelled Hibernation  Hex/Ice        0%         N/A       63%         2
 Hailstorm                Conj/Ice       0%         3d3       99%         4
 Alistair's Intoxication  Tmut/Pois      0%         N/A       100%        5
 Borgnjor's Vile Clutch   Necr/Erth      0%         N/A       100%        5
 Metabolic Englaciation   Hex/Ice        0%         N/A       100%        5
 Eringya's Noxious Bog    Tmut/Pois      0%         N/A       100%        6


Dungeon Overview and Level Annotations

Branches:
Dungeon (4/15)
 Temple: D:4-7

Altars:
Vehumet

Shops:
D:2 :

Annotations:
D:3 nshep25's ghost, amateur MiFi


Message History

Nshep25's ghost hits you.
You hit nshep25's ghost but do no damage.
Nshep25's ghost is moderately damaged.
Nshep25's ghost hits you but does no damage.
You hit nshep25's ghost.
Nshep25's ghost is heavily damaged.
Nshep25's ghost hits you! You block nshep25's ghost's attack.
You hit nshep25's ghost.
Nshep25's ghost is heavily damaged.
Nshep25's ghost hits you.
You barely miss nshep25's ghost.
Nshep25's ghost is heavily damaged.
Nshep25's ghost hits you.
You completely miss nshep25's ghost.
Nshep25's ghost is heavily damaged.
Nshep25's ghost hits you. Nshep25's ghost hits you!
* * * LOW HITPOINT WARNING * * *
It was a potion of lignification.
You turn into a tree.
Your +0 pair of gloves melds into your body.
Your +0 scale mail melds into your body.
Your roots penetrate the ground.
Nshep25's ghost hits you but does no damage.
You feel very mighty all of a sudden. Nshep25's ghost hits you.
* * * LOW HITPOINT WARNING * * *
You closely miss nshep25's ghost.
Nshep25's ghost is heavily damaged.
Nshep25's ghost hits you but does no damage.
You closely miss nshep25's ghost.
Nshep25's ghost is heavily damaged.
Nshep25's ghost hits you but does no damage.
You closely miss nshep25's ghost.
Nshep25's ghost is heavily damaged.
You block nshep25's ghost's attack.
You slash nshep25's ghost!
Nshep25's ghost is almost destroyed.
Nshep25's ghost hits you.
* * * LOW HITPOINT WARNING * * *
Nshep25's ghost hits you!
You die...

#..# ######.# #
#..# #.# .# #..#
#.# #.## #..# #.#
#...# #..# #.#
...?.. #..#
######.####......
#..#
#................
#..#
#.####.#..###....
#..# #.#.♣.# .
...# #.###W##
##.######.#.#
#~w~# #.#.......#
#~~~# #.....####
#~~~# #.###.#
#~~~# ##.###.#
#~:~# .......#
#~~~# ##.##.....


You could see a worm and nshep25's ghost.

Vanquished Creatures
  Sigmund (D:2)
  8 adders (D:2)
  A river rat (D:3)
  A worm (D:2)
  2 dart slugs (D:1)
  An orc (D:3)
  3 endoplasms (D:1)
  6 giant cockroaches
  7 goblins
  5 hobgoblins
  7 jackals
  2 quokkas
  12 ball pythons
  A bat (D:1)
  4 frilled lizards (D:1)
  7 kobolds
  3 rats
71 creatures vanquished.

Vanquished Creatures (others)
  4 plants (D:1)
4 creatures vanquished.

Grand Total: 75 creatures vanquished

Notes
Turn   | Place    | Note
-------+----------+-------------------------------------------
     0 | D:1      | Thatpatchoflichen the Hill Orc Fighter began the quest for
                  | the Orb.
     0 | D:1      | Reached XP level 1. HP: 19/19 MP: 1/1
    30 | D:2      | Found a radiant altar of Vehumet.
    37 | D:1      | Found a faded altar of an unknown god.
   115 | D:1      | Reached XP level 2. HP: 22/27 MP: 2/2
   313 | D:1      | Reached skill level 4 in Fighting
   406 | D:1      | Reached XP level 3. HP: 33/33 MP: 3/3
  1343 | D:2      | Reached XP level 4. HP: 40/40 MP: 4/4
  1600 | D:2      | Noticed Sigmund
  1819 | D:2      | Killed Sigmund
  1820 | D:2      | Reached skill level 5 in Fighting
  1820 | D:2      | Reached XP level 5. HP: 40/48 MP: 5/5
  1820 | D:2      | Reached XP level 6. HP: 47/56 MP: 6/6
  1875 | D:2      | Found Potaasei's Book Shoppe.
  2426 | D:3      | Got the Catalogue of Ice
  2570 | D:3      | Found a runed translucent door.
  2574 | D:3      | Noticed nshep25's ghost (amateur MiFi)
  2598 | D:3      | Slain by nshep25's ghost

Illustrated notes

Levels and vault maps discovered:
D:1:      dpeg_arrival_simpleton_b, layout_loops_ring,
          hellmonk_ecumenical_altar_crossroads, lexackson_kobold_supper
D:2:      minmay_skewed_foursquare, layout_rooms, serial_shops,
          nicolae_shop_waterfront, basic_altar, minmay_snake_closets,
          uniq_sigmund
D:3:      layout_loops_ring, ebering_ghost_sewer_f, nicolae_figureground_sparkle
D:4:      layout_cave_pods, serial_shops, shop_coins

Skill      XL: |  1  2  3  4 |
---------------+-------------+-----
Axes           | 3 4 |  4.9
Fighting       | 4 5 |  5.2
Shields        | 4 |  4.8
Armour         | 4 |  4.7

Action                   |  1- 3 |  4- 6 || total
-------------------------+-------+-------++-------
Melee: War axe           |   101 |    96 ||   197
  Use: Potion            |       |     2 ||     2
Armor: Scale mail        |    58 |    56 ||   114
       Skin              |       |     3 ||     3
Dodge: Dodged            |    71 |    55 ||   126
Block: Buckler           |    35 |    26 ||    61
